 Dungeon Crawl Stone Soup version 0.22.1-1-ga44c0e5 (webtiles) character file.

1352 rabbit the Thaumaturge (level 8, 0/58 HPs)
             Began as a Gnoll Wizard on Oct 15, 2018.
             Slain by a cyan ugly thing (16 damage)
             ... on level 7 of the Dungeon.
             The game lasted 00:24:51 (7108 turns).

rabbit the Thaumaturge (Gnoll Wizard)               Turns: 7108, Time: 00:24:52

Health: 0/58       AC:  5    Str:  9    XL:     8   Next: 63%
Magic:  20/20      EV: 15    Int: 23    God:
Gold:   245        SH:  0    Dex: 14    Spells: 12/23 levels left

rFire    . . .     SeeInvis +   b - +0 hunting sling
rCold    . . .     Gourm    .   (no shield)
rNeg     . . .     Faith    .   a - +0 robe
rPois    .         Spirit   .   c - +1 helmet {SInv}
rElec    .         Reflect  .   g - scarf {repulsion}
rCorr    .         Harm     .   (no gloves)
MR       .....                  x - +0 pair of boots
Stlth    +++.......             (no amulet)
HPRegen  0.19/turn              (no ring)
MPRegen  0.17/turn              (no ring)

@: repel missiles
A: distributed training, fangs 1, strong nose
a: no special abilities


You were on level 7 of the Dungeon.
You were not hungry.

You visited 2 branches of the dungeon, and saw 8 of its levels.

You collected 245 gold pieces.

Inventory:

Hand Weapons
 b - a +0 hunting sling (weapon)
 B - a +3 dagger of venom
Missiles
 f - 218 stones (quivered)
 y - 54 bolts
Armour
 a - a +0 robe (worn)
 c - a +1 helmet of see invisible (worn)
 g - a scarf of repulsion (worn)
 q - a +0 hat
 r - a +0 robe
 x - a +0 pair of boots (worn)
Jewellery
 u - a +4 ring of strength {unknown}
Wands
 z - a wand of flame (34)
Scrolls
 j - a scroll of noise
 l - 3 scrolls of identify
 m - a scroll of fear
 o - 6 scrolls of teleportation
 t - a scroll of remove curse
 v - a scroll of enchant weapon
Potions
 h - 3 potions of curing
 i - a potion of heal wounds {unknown}
 k - 2 potions of haste {unknown}
 n - a potion of agility {unknown}
 p - a potion of brilliance {unknown}
 s - a potion of experience {unknown}
 w - a potion of flight {unknown}
 A - a potion of invisibility {unknown}
Comestibles
 d - 8 rations


   Skills:
 + Level 3.3 Fighting
 + Level 3.3 Short Blades
 + Level 3.3 Long Blades
 + Level 3.3 Axes
 + Level 3.3 Maces & Flails
 + Level 3.3 Polearms
 + Level 3.3 Staves
 + Level 3.3 Slings
 + Level 3.3 Bows
 + Level 3.3 Crossbows
 + Level 3.3 Throwing
 + Level 3.3 Armour
 + Level 5.7 Dodging
 + Level 5.4 Stealth
 + Level 3.3 Shields
 + Level 3.3 Unarmed Combat
 + Level 8.0 Spellcasting
 + Level 3.5 Conjurations
 + Level 2.7 Hexes
 + Level 2.7 Charms
 + Level 3.5 Summonings
 + Level 2.7 Necromancy
 + Level 3.5 Translocations
 + Level 2.7 Transmutations
 + Level 2.7 Fire Magic
 + Level 2.7 Ice Magic
 + Level 2.7 Air Magic
 + Level 2.7 Earth Magic
 + Level 2.7 Poison Magic
 + Level 3.7 Invocations
 + Level 3.3 Evocations


You had 12 spell levels left.
You knew the following spells:

 Your Spells              Type           Power        Failure   Level  Hunger
a - Magic Dart            Conj           ####         1%          1    None
b - Blink                 Tloc           N/A          2%          2    None
c - Call Imp              Summ           ####....     2%          2    None
d - Conjure Flame         Conj/Fire      ###.....     6%          3    None
e - Mephitic Cloud        Conj/Pois/Air  ###.....     6%          3    None

Your spell library contained the following spells:

 Spells                   Type           Power        Failure   Level  Hunger
 Slow                     Hex            ###.....     3%          2    None


Dungeon Overview and Level Annotations

Branches:
Dungeon (7/15)             Temple (1/1) D:5

Altars:
Cheibriados
Elyvilon
Fedhas
Kikubaaqudgha
Makhleb
Nemelex Xobeh
Qazlal
Ru
Sif Muna
Trog
Uskayaw
Vehumet
Wu Jian
Xom
Yredelemnul
Zin
The Shining One

Annotations:
D:2 1 runed door


Innate Abilities, Weirdness & Mutations

Your experience applies equally to all skills.
You have very sharp teeth.
Your uncanny sense of smell can sniff out nearby items.


Message History

You can't see any susceptible monsters within range! (Use Z to cast anyway.)
A cyan ugly thing comes into view.
The cyan ugly thing gurgles horribly!
You hear a croak.
There is an escape hatch in the floor here.
There is a stone staircase leading down here.
There is a stone staircase leading up here.
The cyan ugly thing completely misses you.
Found 24 arrows.
The gnoll shouts!
The gnoll misses you.
The gnoll hits you from afar with a halberd!
Found 22 gold pieces and 23 stones.
The cyan ugly thing tail-slaps you! The cyan ugly thing shocks you!
The gnoll closely misses you.
The cyan ugly thing completely misses you.
Found a scroll of fog.
The cyan ugly thing tail-slaps you!
* * * LOW HITPOINT WARNING * * *
The cyan ugly thing shocks you!
You die...

#### ##.#### ....#
.......##########....#.
....?..@u.g............
.#####...######.#.(..#.
#..#....$$....#####
#.....######..### ∆
#.....# #....###
#..##.. #......# #..
.#.#####......# #.#
..............##
##.####........


You could see a cyan ugly thing and a gnoll.

Vanquished Creatures
  An ice beast (D:5)
  A sky beast (D:5)
  A centaur (D:5)
  2 ogres
  2 bullfrogs
  A bullfrog zombie (D:5)
  3 crimson imps
  A centaur zombie (D:5)
  2 orc priests
  2 hounds
  A centaur skeleton (D:6)
  Jessica (D:2)
  7 worker ants
  An iguana (D:5)
  2 hound skeletons
  2 worker ant zombies (D:5)
  Robin (D:4)
  A gnoll (D:6)
  8 adders
  3 oozes
  4 worms
  2 dart slugs
  3 leopard geckos
  11 orcs
  6 giant cockroaches
  19 goblins
  9 hobgoblins
  10 jackals
  2 quokkas
  10 bats
  5 frilled lizards
  8 kobolds
  A leopard gecko skeleton (D:7)
  8 rats
141 creatures vanquished.

Notes
Turn   | Place    | Note
-------+----------+-------------------------------------------
     0 | D:1      | rabbit the Gnoll Wizard began the quest for the Orb.
     0 | D:1      | Reached XP level 1. HP: 13/13 MP: 8/8
   132 | D:1      | Reached XP level 2. HP: 19/19 MP: 6/10
   136 | D:1      | Learned a level 2 spell: Blink
   139 | D:1      | Learned a level 2 spell: Call Imp
   430 | D:1      | Reached XP level 3. HP: 25/25 MP: 7/11
   612 | D:2      | Learned a level 3 spell: Conjure Flame
   616 | D:2      | Learned a level 3 spell: Mephitic Cloud
   706 | D:2      | Reached skill level 1 in Invocations
  1007 | D:2      | Reached skill level 1 in Fighting
  1007 | D:2      | Reached skill level 1 in Short Blades
  1007 | D:2      | Reached skill level 1 in Long Blades
  1007 | D:2      | Reached skill level 1 in Axes
  1007 | D:2      | Reached skill level 1 in Maces & Flails
  1007 | D:2      | Reached skill level 1 in Polearms
  1007 | D:2      | Reached skill level 1 in Staves
  1007 | D:2      | Reached skill level 1 in Slings
  1007 | D:2      | Reached skill level 1 in Bows
  1007 | D:2      | Reached skill level 1 in Crossbows
  1007 | D:2      | Reached skill level 1 in Throwing
  1007 | D:2      | Reached skill level 1 in Armour
  1007 | D:2      | Reached skill level 1 in Shields
  1007 | D:2      | Reached skill level 1 in Unarmed Combat
  1007 | D:2      | Reached skill level 1 in Evocations
  1023 | D:2      | Reached XP level 4. HP: 21/32 MP: 3/13
  1284 | D:2      | Found a bloodstained altar of Trog.
  1604 | D:2      | Noticed Jessica
  1614 | D:2      | Killed Jessica
  1614 | D:2      | Reached skill level 1 in Hexes
  1614 | D:2      | Reached skill level 1 in Charms
  1614 | D:2      | Reached skill level 1 in Necromancy
  1614 | D:2      | Reached skill level 1 in Transmutations
  1614 | D:2      | Reached skill level 1 in Fire Magic
  1614 | D:2      | Reached skill level 1 in Ice Magic
  1614 | D:2      | Reached skill level 1 in Air Magic
  1614 | D:2      | Reached skill level 1 in Earth Magic
  1614 | D:2      | Reached skill level 1 in Poison Magic
  1810 | D:2      | Reached XP level 5. HP: 37/37 MP: 11/14
  1936 | D:2      | Found a runed door.
  2813 | D:3      | Found a hide-covered altar of Uskayaw.
  3125 | D:4      | Reached XP level 6. HP: 44/44 MP: 8/16
  4215 | D:4      | Noticed Robin
  4227 | D:4      | Killed Robin
  4227 | D:4      | Reached skill level 5 in Dodging
  4518 | D:4      | Found a stormy altar of Qazlal.
  4837 | D:5      | Entered Level 5 of the Dungeon
  4889 | D:5      | Reached XP level 7. HP: 50/50 MP: 18/18
  4958 | D:5      | Found a staircase to the Ecumenical Temple.
  4967 | Temple   | Entered the Ecumenical Temple
  5554 | D:5      | Reached skill level 5 in Stealth
  5732 | D:5      | Reached XP level 8. HP: 27/57 MP: 6/19
  5930 | D:5      | Found an opulent altar of Gozag.
  5933 | D:5      | Found a white marble altar of Elyvilon.
  5933 | D:5      | Found a glowing golden altar of the Shining One.
  5935 | D:5      | Found a white marble altar of Elyvilon.
  5935 | D:5      | Found an iron altar of Okawaru.
  5935 | D:5      | Found a shimmering altar of Xom.
  6234 | D:6      | Found a blossoming altar of Fedhas.
  6643 | D:6      | Reached skill level 8 in Spellcasting
  6644 | D:6      | Found a radiant altar of Vehumet.
  6646 | D:6      | Found a sparkling altar of Nemelex Xobeh.
  7075 | D:7      | Noticed a cyan ugly thing
  7108 | D:7      | Slain by a cyan ugly thing

Skill      XL: |  1  2  3  4  5  6  7  8 |
---------------+-------------------------+-----
Conjurations   | 2 3 |  3.5
Summonings     | 2 3 |  3.5
Translocations | 2 3 |  3.5
Invocations    | 1 2 3 |  3.7
Fighting       | 1 2 3 |  3.3
Short Blades   | 1 2 3 |  3.3
Long Blades    | 1 2 3 |  3.3
Axes           | 1 2 3 |  3.3
Maces & Flails | 1 2 3 |  3.3
Polearms       | 1 2 3 |  3.3
Staves         | 1 2 3 |  3.3
Slings         | 1 2 3 |  3.3
Bows           | 1 2 3 |  3.3
Crossbows      | 1 2 3 |  3.3
Throwing       | 1 2 3 |  3.3
Armour         | 1 2 3 |  3.3
Shields        | 1 2 3 |  3.3
Unarmed Combat | 1 2 3 |  3.3
Evocations     | 1 2 3 |  3.3
Hexes          | 1 2 |  2.7
Charms         | 1 2 |  2.7
Necromancy     | 1 2 |  2.7
Transmutations | 1 2 |  2.7
Fire Magic     | 1 2 |  2.7
Ice Magic      | 1 2 |  2.7
Air Magic      | 1 2 |  2.7
Earth Magic    | 1 2 |  2.7
Poison Magic   | 1 2 |  2.7
Dodging        | 5 |  5.7
Stealth        | 5 |  5.4
Spellcasting   | 8 |  8.0

Action                   |  1- 3 |  4- 6 |  7- 9 || total
-------------------------+-------+-------+-------++-------
Melee: Short sword       |    13 |    33 |       ||    46
       Dagger            |       |     8 |    52 ||    60
       Bite              |       |     1 |    10 ||    11
       Unarmed           |       |       |     1 ||     1
       Punch             |       |       |     1 ||     1
 Fire: Hunting sling     |       |       |    36 ||    36
 Cast: Magic Dart        |    73 |   183 |    55 ||   311
       Mephitic Cloud    |       |    11 |     4 ||    15
       Blink             |       |       |    17 ||    17
       Conjure Flame     |       |       |     8 ||     8
  Use: Scroll            |       |     9 |     1 ||    10
 Stab: Sleeping          |     3 |     2 |     4 ||     9
       Confused          |       |     7 |     2 ||     9
  Eat: Chunk             |       |    10 |     3 ||    13
       Ration            |       |       |     2 ||     2
Armor: Robe              |     1 |     3 |    15 ||    19
Dodge: Dodged            |    14 |    46 |    92 ||   152
       Deflected         |     1 |     7 |     4 ||    12
